 Dungeon Crawl Stone Soup version 0.22.0-49-gab54619674 (webtiles) character file.

12 JedernureinKreuz the Sneak (level 2, 0/22 HPs)
             Began as a Naga Fire Elementalist on Sept 7, 2018.
             Slain by a jackal (1 damage)
             ... on level 1 of the Dungeon.
             The game lasted 00:03:36 (342 turns).

JedernureinKreuz the Sneak (Naga Fire Elementalist)  Turns: 342, Time: 00:03:37

Health: 0/22       AC:  1    Str: 10    XL:     2   Next: 33%
Magic:  5/5        EV: 10    Int: 15    God:
Gold:   57         SH:  0    Dex: 11    Spells: 4/5 levels left

rFire    . . .     SeeInvis +   b - +0 spear
rCold    . . .     Gourm    .   (no shield)
rNeg     . . .     Faith    .   a - +0 robe
rPois    +         Spirit   .   (no helmet)
rElec    .         Reflect  .   (no cloak)
rCorr    .         Harm     .   (no gloves)
MR       .....                  (no barding)
Stlth    ++........             (no amulet)
HPRegen  0.07/turn              (no ring)
MPRegen  0.09/turn              (no ring)

@: very slow
A: large, see invisible, deformed body, poison resistance, slowness 2, slow
metabolism 1, spit poison 1, AC +0
a: Spit Poison


You were on level 1 of the Dungeon.
You were not hungry.

You visited 1 branch of the dungeon, and saw 1 of its levels.

You collected 57 gold pieces.

Inventory:

Hand Weapons
 b - a +0 spear (weapon)
Armour
 a - a +0 robe (worn)
Potions
 d - 2 potions of cancellation {unknown}
 e - a potion of magic {unknown}
 g - a potion of lignification {unknown}
Comestibles
 c - 2 rations
 f - 7 chunks of flesh


   Skills:
 + Level 0.3 Fighting
 + Level 0.4 Polearms
 + Level 1.7 Dodging
 + Level 3.2 Stealth
 + Level 2.1 Spellcasting
 + Level 1.2 Conjurations
 + Level 3.1 Fire Magic


You had 4 spell levels left.
You knew the following spells:

 Your Spells              Type           Power        Failure   Level  Hunger
a - Flame Tongue          Conj/Fire      #....        9%          1    #......

Your spell library contained the following spells:

 Spells                   Type           Power        Failure   Level  Hunger
 Throw Flame              Conj/Fire      #.....       14%         2    ###....
 Conjure Flame            Conj/Fire      #.......     26%         3    ###....
 Inner Flame              Hex/Fire       #.......     34%         3    ###....
 Sticky Flame             Conj/Fire      #.......     65%         4    #####..
 Fireball                 Conj/Fire      #.........   94%         5    ######.


Dungeon Overview and Level Annotations

Branches:
Dungeon (1/15)

Altars:


Innate Abilities, Weirdness & Mutations

You cannot wear boots.
Your serpentine skin is tough. (AC +0)
You have supernaturally acute eyesight. (SInv)
Armour fits poorly on your strangely shaped body.
Your system is resistant to poisons. (rPois)
You cover ground very slowly.
You have a slow metabolism.
You can spit poison.


Message History

f - 7 chunks of flesh (gained 2)
A giant cockroach comes into view.
A rat and a jackal come into view.
A jackal comes into view.
The jackal bites you. x2
You barely miss the jackal. The jackal barely misses you.
The giant cockroach misses you. The jackal bites you.
You barely miss the jackal. The giant cockroach bites you.
* * * LOW HITPOINT WARNING * * *
The jackal misses you. The giant cockroach bites you.
* * * LOW HITPOINT WARNING * * *
The jackal misses you. The giant cockroach bites you.
* * * LOW HITPOINT WARNING * * *
The jackal barely misses you.
The giant cockroach completely misses you.
The jackal barely misses you. The jackal bites you.
* * * LOW HITPOINT WARNING * * *
The jackal bites you.
You die...

..........###.#.... #.
#.............##### #..
#..........##.#
#...#.....#+#..##.#
#...#.....#.#..##.#+##.
#...#.r...#.#..##......
#.....s####.#...#......
##...hh# #>...........
+....@# ##.#####......
#.....# #.............
#.....# #.............
#.....# #.#######....#
#.....# #.############
#.....# #...........
#.....# #...........
#.....# #...........
#.....###...........


You could see 2 jackals, a giant cockroach and a rat.

Vanquished Creatures
  An ooze (D:1)
  A leopard gecko (D:1)
  A hobgoblin (D:1)
  A ball python (D:1)
  3 frilled lizards (D:1)
  2 rats (D:1)
9 creatures vanquished.

Notes
Turn   | Place    | Note
-------+----------+-------------------------------------------
     0 | D:1      | JedernureinKreuz the Naga Fire Elementalist began the quest
                  | for the Orb.
     0 | D:1      | Reached XP level 1. HP: 15/15 MP: 3/3
   312 | D:1      | Reached XP level 2. HP: 11/22 MP: 5/5
   342 | D:1      | HP: 1/22 [jackal (2)]
   342 | D:1      | Slain by a jackal

Action                   || total
-------------------------++-------
Melee: Spear             ||    25
 Abil: Spit Poison       ||     1
 Stab: Sleeping          ||     1
Armor: Robe              ||     1
Dodge: Dodged            ||    22
